 Dungeon Crawl Stone Soup version 0.21-a0-344-g2144152 (webtiles) character file.

66879 tidbits the Infuser (level 15, -19/105 HPs)
             Began as a Gnoll Skald on Oct 4, 2017.
             Was a Priest of Cheibriados.
             Shot with an arrow by a deep elf archer (23 damage)
             ... on level 3 of the Elven Halls on Oct 5, 2017.
             The game lasted 01:42:34 (7094 turns).

tidbits the Infuser (Gnoll Skald)                   Turns: 7094, Time: 01:42:34

Health: -19/105    AC: 11    Str: 22 (23) XL:     15   Next: 21%
Magic:  18/29      EV: 21    Int: 26 (28) God:    Cheibriados [***...]
Gold:   731        SH: 15    Dex: 21 (23) Spells: 10/35 levels left

rFire    + . .     SeeInvis +   a - +4 war axe (elec)
rCold    + + .     Gourm    .   D - +0 buckler
rNeg     + . .     Faith    .   B - +0 troll leather armour
rPois    .         Spirit   .   E - +2 helmet
rElec    .         Reflect  +   (no cloak)
rCorr    .         Harm     .   G - +1 pair of gloves "Nariv" {rN+ MR+ SInv}
MR       ++...                  (no boots)
Stlth    ++++......             l - brooch of Shielding {Reflect SH+8}
HPRegen  1.67/turn              O - ring of ice
MPRegen  0.21/turn              b - ring of protection from cold

@: regenerating, very slow
A: distributed training, claws 1, fangs 1, deterioration 1, fire resistance 2,
frail 1, strong nose
a: Bend Time, Temporal Distortion, Renounce Religion


You were on level 3 of the Elven Halls.
You worshipped Cheibriados.
Cheibriados was most pleased with you.
You were not hungry.

You visited 4 branches of the dungeon, and saw 17 of its levels.
You also visited: Labyrinth and Ice Cave.

You collected 1682 gold pieces.
You spent 951 gold pieces at shops.

Inventory:

Hand Weapons
 a - a +4 war axe of electrocution (weapon)
   (You subdued it on level 3 of the Elven Halls)
 e - a +1 demon trident of freezing
   (You found it in an ice cave)
 m - a +2 dagger of venom
   (You took it off an orc wizard on level 7 of the Dungeon)
 A - a +2 flail of holy wrath
   (You subdued it on level 3 of the Elven Halls)
 C - a +0 broad axe
 F - a +1 flail of protection
   (You took it off a minotaur in a labyrinth)
Missiles
 o - 506 arrows
 s - 25 tomahawks
 u - 5 javelins of returning (quivered)
 R - 6 poisoned javelins
Armour
 B - a +0 troll leather armour (worn)
 D - a +0 buckler (worn)
 E - a +2 helmet (worn)
 G - the +1 pair of gloves "Nariv" (worn) {rN+ MR+ SInv}
   (You found it in a labyrinth)

   It protects you from negative energy.
   It affects your resistance to hostile enchantments.
   It lets you see invisible.
Jewellery
 b - a ring of protection from cold (right hand)
   (You found it in a labyrinth)
 f - an uncursed amulet of faith
   (You found it on level 5 of the Dungeon)
 l - the brooch of Shielding (around neck) {Reflect SH+8}
   (You took it off a deep elf demonologist on level 3 of the Elven Halls)

   [amulet of reflection]

   It shields you and reflects attacks.
   It affects your SH (+8).
 H - an uncursed ring of protection from magic
   (You took it off an orc wizard on level 11 of the Dungeon)
 K - an uncursed ring of resist corrosion
   (You took it off a minotaur in a labyrinth)
 O - a ring of ice (left hand)
   (You took it off an orc on level 11 of the Dungeon)
 P - the amulet "Rutt" {Regen+ Str+6 Int+2}
   (You took it off a deep elf archer on level 3 of the Elven Halls)

   [amulet of regeneration]

   It affects your strength (+6).
   It affects your intelligence (+2).
   It increases your rate of regeneration.
 V - a +2 ring of evasion
   (You found it on level 8 of the Dungeon)
 W - an uncursed ring of wizardry
   (You found it in a labyrinth)
Wands
 g - a wand of digging (17/24)
 j - a wand of clouds (1/9)
 v - a wand of paralysis (16/24)
 L - a wand of confusion (13/48)
 M - a wand of lightning (4/15)
Scrolls
 i - a scroll of brand weapon {unknown}
 k - 2 scrolls of enchant weapon
 n - 2 scrolls of amnesia
 p - a scroll of teleportation
 r - 2 scrolls of remove curse
 t - 2 scrolls of fog {unknown}
 y - a scroll of torment {unknown}
 J - a scroll of identify
 Q - a scroll of silence {unknown}
 S - 2 scrolls of fear
 U - a scroll of immolation
 Z - a scroll of summoning
Potions
 h - 2 potions of resistance
 w - a potion of cancellation {unknown}
 z - a potion of haste
 Y - 2 potions of ambrosia
Books
 c - a book of Battle

   Spells                             Type                      Level
   a - Infusion                       Charms                       1
   b - Shroud of Golubria             Charms/Translocation         2
   c - Song of Slaying                Charms                       2
   d - Spectral Weapon                Hexes/Charms                 3
   e - Regeneration                   Charms/Necromancy            3
 q - a book of Changes
   (You found it on level 4 of the Dungeon)

   Spells                             Type                      Level
   a - Beastly Appendage              Transmutation                1
   b - Sticks to Snakes               Transmutation                2
   c - Spider Form                    Transmutation/Poison         3
   d - Ice Form                       Ice/Transmutation            4
   e - Blade Hands                    Transmutation                5
 x - a book of Air
   (You found it on level 2 of the Elven Halls)

   Spells                             Type                      Level
   a - Shock                          Conjuration/Air              1
   b - Swiftness                      Charms/Air                   2
   c - Static Discharge               Conjuration/Air              3
   d - Airstrike                      Air                          4
   e - Lightning Bolt                 Conjuration/Air              5
 N - the Catalogue of Floating Combat Magic
   (You found it in a labyrinth)

   Spells                             Type                      Level
   a - Mephitic Cloud                 Conjuration/Poison/Air       3
   b - Irradiate                      Conjuration/Transmutation    5
   c - Silence                        Hexes/Air                    5
   d - Spellforged Servitor           Conjuration/Summoning        7
Comestibles
 d - 7 bread rations


   Skills:
 + Level 10.7 Fighting
 + Level 9.7 Short Blades
 + Level 9.7 Long Blades
 + Level 10.7 Axes
 + Level 9.7 Maces & Flails
 + Level 9.7 Polearms
 + Level 9.7 Staves
 + Level 9.7 Slings
 + Level 9.7 Bows
 + Level 9.7 Crossbows
 + Level 9.7 Throwing
 + Level 10.1 Armour
 + Level 10.7 Dodging
 + Level 9.7 Stealth
 + Level 9.7 Shields
 + Level 9.7 Unarmed Combat
 + Level 10.8 Spellcasting
 + Level 9.7 Conjurations
 + Level 9.7 Hexes
 + Level 11.5 Charms
 + Level 9.7 Summonings
 + Level 9.7 Necromancy
 + Level 9.7 Translocations
 + Level 9.7 Transmutations
 + Level 9.7 Fire Magic
 + Level 9.7 Ice Magic
 + Level 9.7 Air Magic
 + Level 9.7 Earth Magic
 + Level 9.7 Poison Magic
 + Level 9.7 Invocations
 + Level 9.7 Evocations


You had 10 spell levels left.
You knew the following spells:

 Your Spells              Type           Power        Failure   Level  Hunger
g - Shroud of Golubria    Chrm/Tloc      ######....   1%          2    None
k - Sticks to Snakes      Tmut           ######..     1%          2    None
m - Mephitic Cloud        Conj/Pois/Air  ######..     1%          3    None
r - Regeneration          Chrm/Necr      ######....   1%          3    None
w - Spectral Weapon       Hex/Chrm       ######..     1%          3    None
y - Song of Slaying       Chrm           ######..     1%          2    None
R - Irradiate             Conj/Tmut      ######....   2%          5    ###....
S - Silence               Hex/Air        ######....   2%          5    ###....


Dungeon Overview and Level Annotations

Branches:
Dungeon (11/15)            Temple (1/1) D:4            Lair (0/6) D:8
    Orc (2/2) D:11            Elf (3/3) Orc:2

Altars:
Ashenzari
Cheibriados
Dithmenos
Elyvilon
Fedhas
Gozag
Hepliaklqana
Kikubaaqudgha
Makhleb
Nemelex Xobeh
Okawaru
Qazlal
Sif Muna
Trog
Uskayaw
Vehumet
Wu Jian
Xom
Yredelemnul
Zin

Shops:
D:11 %   Orc:1 %   Orc:2 *??}

Annotations:
D:6 Dowan; Duvessa; tidbits's ghost, novice GnSk


Innate Abilities, Weirdness & Mutations

Your experience applies equally to all skills.
You have very sharp teeth.
Your uncanny sense of smell can sniff out nearby items.
You have sharp fingernails.
Your body sometimes deteriorates upon taking damage.
Your flesh is very heat resistant. (rF++)
You are frail. (-10% HP)


Message History

The ghostly deep elf blademaster is almost destroyed.
Your spectral weapon barely misses the ghostly deep elf blademaster.
You block the ghostly deep elf blademaster's attack.
The ghostly deep elf blademaster misses you.
You slice the ghostly deep elf blademaster!!
Lightning courses through the ghostly deep elf blademaster!
You destroy the ghostly deep elf blademaster!
Cheibriados thoroughly appreciates the change of pace.
Casting: Shroud of Golubria
Confirm with . or Enter, or press ? or * to list all spells.
Your skin crawls.
Things that are here:
a rapier x2; a leather armour You feel a little less agile now.
You swap places.
Things that are here:
a rapier x2; a leather armour
Casting: Regeneration
Confirm with . or Enter, or press ? or * to list all spells.
Your skin crawls.
Your spectral weapon fades away.
Search for what [Enter for "shield", or ? for help]? .
You see here a rapier.
Things that are here:
a leather armour; a dagger of pain You miss the deep elf blademaster.
Your bite misses the deep elf blademaster.
The deep elf blademaster hits you with a rapier! x2
Casting: Regeneration
Confirm with . or Enter, or press ? or * to list all spells.
You draw out your weapon's spirit!
The deep elf blademaster hits you but does no damage.
The deep elf blademaster hits you with a rapier.
You barely miss the deep elf blademaster.
Your bite misses the deep elf blademaster.
Your spectral weapon completely misses the deep elf blademaster.
You block the deep elf blademaster's attack. x2
The deep elf blademaster hits you with a rapier.
The deep elf blademaster misses you.
You barely miss the deep elf blademaster.
Your bite misses the deep elf blademaster.
Your spectral weapon hits the deep elf blademaster but does no damage.
Lightning courses through the deep elf blademaster!
The deep elf blademaster hits you with a rapier!
You block the deep elf blademaster's attack.
You completely miss the deep elf blademaster.
The deep elf blademaster is lightly wounded.
Your spectral weapon hits the deep elf blademaster!!
The deep elf archer shoots an arrow.
You reflect the arrow off an invisible shield around you!
The arrow misses the deep elf archer.
You block the deep elf blademaster's attack.
The deep elf blademaster completely misses you.
You block the deep elf blademaster's attack.
The deep elf blademaster barely misses you.
You block the deep elf blademaster's attack.
The deep elf blademaster hits you with a rapier!
The deep elf archer shoots an arrow.
The arrow hits you.
You see here an arrow.
You slash the deep elf blademaster!
Lightning courses through the deep elf blademaster!
The deep elf blademaster is heavily wounded.
Your spectral weapon barely misses the deep elf blademaster.
The deep elf blademaster hits you with a rapier!
The deep elf blademaster misses you.
You slash the deep elf blademaster!
Your bite misses the deep elf blademaster.
The deep elf blademaster is severely wounded.
Your spectral weapon misses the deep elf blademaster.
You block the deep elf blademaster's attack.
The deep elf blademaster hits you with a rapier!
The deep elf archer shoots an arrow.
The arrow closely misses you.
You closely miss the deep elf blademaster.
Your bite misses the deep elf blademaster.
The deep elf blademaster is severely wounded.
Your spectral weapon hits the deep elf blademaster!
Lightning courses through the deep elf blademaster!
You block the deep elf blademaster's attack.
The deep elf blademaster hits you with a rapier.
* * * LOW HITPOINT WARNING * * *
The deep elf archer shoots an arrow.
The arrow hits you!!
* * * LOW HITPOINT WARNING * * *
Your body deteriorates!
You feel clumsy.
The deep elf blademaster hits you with a rapier!
* * * LOW HITPOINT WARNING * * *
The deep elf blademaster closely misses you.
Okay, then.
Okay, then.
Okay, then.
Evoke which item? (* to show all) (? for menu, Esc to quit)
Okay, then.
Okay, then.
You closely miss the deep elf blademaster.
The deep elf blademaster is almost dead.
Your spectral weapon hits the deep elf blademaster!
The deep elf blademaster hits you with a rapier.
* * * LOW HITPOINT WARNING * * *
The deep elf blademaster closely misses you.
The deep elf archer shoots an arrow.
The arrow hits you!!
You die...

###.##.#.....#...##.#.##.........
.......................#.#.....#.
#.#.##.#....##..........(#.....#.
.........................###.###.
##...#......##...##..............
.............(....###e..#..##..##
.#.....#.#.####.......#####......
#.#..#.#.#.# ##.......# ##....#
.#..##...#.# #@e(....# ##..).#
....##.#...# #..###### ##)###.#
..#..#.#...# #.## #.#e##.#
.#.##......## #[# #.###.#.#
#.#.##......## #.# ## ###.#
.###.#.....#.###.# #(# ##
#..#...##).#.# #e# #
##.##........# #e# #..##.##....#
รท..


You could see a deep elf blademaster, a deep elf archer and a friendly spectral
war axe of electrocution.

Vanquished Creatures
  A deep elf blademaster (Elf:3)
  The ghost of Amnesiac the Infuser, an adept GnSk of Ashenzari (Elf:3)
  A deep elf sorcerer (Elf:2)
  3 deep elf demonologists (Elf:3)
  A deep elf annihilator (Elf:3)
  The ghost of p0werm0de the Cleaver, a journeyman FoCK of Xom (Orc:2)
  4 deep elf death magi (Elf:3)
  A minotaur (Lab)
  Erolcha (Orc:1)
  The ghost of esc the Spear-Bearer, a journeyman HOFi of Beogh (D:11)
  A hydra (D:11)
  2 centaur warriors (Orc:2)
  6 dancing weapons
  4 two-headed ogres
  2 orc high priests
  6 deep elf knights
  A deep troll (Orc:1)
  An unseen horror (shapeshifter) (Elf:2)
  11 deep elf archers
  Pikel (D:5)
  33 deep elf magi
  7 orc knights
  An ugly thing (D:11)
  4 orc sorcerers
  2 ice statues (IceCv)
  A komodo dragon (D:11)
  14 ice devils (IceCv)
  A hippogriff (D:11)
  3 wyverns
  3 water elementals
  6 yaks (D:11)
  A golden eye (shapeshifter) (Elf:1)
  2 fire elementals (Elf:3)
  A hungry ghost (D:8)
  2 wargs (Orc:1)
  A water moccasin (D:11)
  An ice beast (D:11)
  32 orc warriors
  4 sky beasts
  A necrophage (D:7)
  12 ogres
  8 centaurs
  4 bullfrogs
  A big kobold (D:10)
  2 earth elementals (Elf:2)
  A gnoll sergeant (D:7)
  2 scorpions
  5 wights (D:8)
  3 howler monkeys
  An electric eel (D:11)
  4 crimson imps
  A bullfrog zombie (D:11)
  8 jellies
  3 bullfrog skeletons
  5 hounds
  13 orc priests
  2 quasits
  12 orc wizards
  6 worker ants
  2 iguanas (D:4)
  A killer bee zombie (D:7)
  A hound skeleton (D:4)
  A howler monkey zombie (D:5)
  A worker ant zombie (D:8)
  9 gnolls
  10 adders
  8 white imps (IceCv)
  4 ufetubi (IceCv)
  8 oozes (D:4)
  8 leopard geckos
  80 orcs
  2 giant cockroaches
  A goblin (D:2)
  3 hobgoblins
  4 jackals (D:11)
  2 quokkas
  A ball python (D:1)
  A ball python skeleton (D:4)
  3 bats
  A frilled lizard (D:3)
  9 kobolds
  2 quokka skeletons
  6 rats
  A fungus (D:4)
  3 spectral weapons
435 creatures vanquished.

Vanquished Creatures (collateral kills)
  An orc (Orc:1)
1 creature vanquished.

Vanquished Creatures (others)
  3 white imps (IceCv)
  2 ufetubi (IceCv)
  2 fungi (D:4)
  12 spectral weapons
  9 toadstools (D:4)
28 creatures vanquished.

Grand Total: 464 creatures vanquished

Notes
Turn   | Place    | Note
-------+----------+-------------------------------------------
     0 | D:1      | tidbits the Gnoll Skald began the quest for the Orb.
     0 | D:1      | Reached XP level 1. HP: 20/20 MP: 6/6
   138 | D:2      | Reached XP level 2. HP: 25/26 MP: 5/7
   142 | D:2      | Learned a level 2 spell: Song of Slaying
   145 | D:2      | Learned a level 2 spell: Shroud of Golubria
   323 | D:3      | Reached XP level 3. HP: 23/31 MP: 5/9
   328 | D:3      | Learned a level 3 spell: Regeneration
   402 | D:3      | Reached skill level 5 in Spellcasting
   432 | D:3      | Learned a level 3 spell: Spectral Weapon
   572 | D:4      | Reached skill level 1 in Short Blades
   572 | D:4      | Reached skill level 1 in Long Blades
   572 | D:4      | Reached skill level 1 in Maces & Flails
   572 | D:4      | Reached skill level 1 in Polearms
   572 | D:4      | Reached skill level 1 in Staves
   572 | D:4      | Reached skill level 1 in Slings
   572 | D:4      | Reached skill level 1 in Bows
   572 | D:4      | Reached skill level 1 in Crossbows
   572 | D:4      | Reached skill level 1 in Throwing
   572 | D:4      | Reached skill level 1 in Stealth
   572 | D:4      | Reached skill level 1 in Shields
   572 | D:4      | Reached skill level 1 in Unarmed Combat
   572 | D:4      | Reached skill level 1 in Conjurations
   572 | D:4      | Reached skill level 1 in Hexes
   572 | D:4      | Reached skill level 1 in Summonings
   572 | D:4      | Reached skill level 1 in Necromancy
   572 | D:4      | Reached skill level 1 in Translocations
   572 | D:4      | Reached skill level 1 in Transmutations
   572 | D:4      | Reached skill level 1 in Fire Magic
   572 | D:4      | Reached skill level 1 in Ice Magic
   572 | D:4      | Reached skill level 1 in Air Magic
   572 | D:4      | Reached skill level 1 in Earth Magic
   572 | D:4      | Reached skill level 1 in Poison Magic
   572 | D:4      | Reached skill level 1 in Invocations
   572 | D:4      | Reached skill level 1 in Evocations
   572 | D:4      | Reached XP level 4. HP: 38/38 MP: 6/11
   611 | D:5      | Entered Level 5 of the Dungeon
   673 | D:3      | Found a shimmering altar of Xom.
   693 | D:4      | Learned a level 2 spell: Sticks to Snakes
   773 | D:4      | Reached XP level 5. HP: 18/43 MP: 6/12
   777 | D:4      | Reached skill level 3 in Armour
   856 | D:4      | Reached XP level 6. HP: 32/50 MP: 1/13
   974 | D:4      | Reached skill level 5 in Fighting
   974 | D:4      | Reached skill level 5 in Axes
   974 | D:4      | Reached skill level 5 in Dodging
   989 | D:4      | Reached skill level 2 in Short Blades
   989 | D:4      | Reached skill level 2 in Long Blades
   989 | D:4      | Reached skill level 2 in Maces & Flails
   989 | D:4      | Reached skill level 2 in Polearms
   989 | D:4      | Reached skill level 2 in Staves
   989 | D:4      | Reached skill level 2 in Slings
   989 | D:4      | Reached skill level 2 in Bows
   989 | D:4      | Reached skill level 2 in Crossbows
   989 | D:4      | Reached skill level 2 in Throwing
   989 | D:4      | Reached skill level 2 in Stealth
   989 | D:4      | Reached skill level 2 in Shields
   989 | D:4      | Reached skill level 2 in Unarmed Combat
   989 | D:4      | Reached skill level 2 in Conjurations
   989 | D:4      | Reached skill level 2 in Hexes
   989 | D:4      | Reached skill level 2 in Summonings
   989 | D:4      | Reached skill level 2 in Necromancy
   989 | D:4      | Reached skill level 2 in Translocations
   989 | D:4      | Reached skill level 2 in Transmutations
   989 | D:4      | Reached skill level 2 in Fire Magic
   989 | D:4      | Reached skill level 2 in Ice Magic
   989 | D:4      | Reached skill level 2 in Air Magic
   989 | D:4      | Reached skill level 2 in Earth Magic
   989 | D:4      | Reached skill level 2 in Poison Magic
   989 | D:4      | Reached skill level 2 in Invocations
   989 | D:4      | Reached skill level 2 in Evocations
  1106 | D:5      | Noticed Pikel
  1108 | D:5      | Noticed a slave
  1116 | D:5      | Noticed a slave
  1118 | D:5      | Noticed a slave
  1118 | D:5      | Noticed a slave
  1127 | D:5      | HP: 2/51 [adder (4)]
  1131 | D:5      | Killed Pikel
  1131 | D:5      | Reached skill level 7 in Charms
  1131 | D:5      | Reached XP level 7. HP: 9/56 MP: 10/15
  1131 | D:5      | Reached XP level 8. HP: 11/63 MP: 10/16
  1201 | D:6      | Noticed Duvessa
  1201 | D:6      | Noticed Dowan
  1228 | D:5      | Found a white marble altar of Elyvilon.
  1232 | D:5      | Reached skill level 3 in Short Blades
  1232 | D:5      | Reached skill level 3 in Long Blades
  1232 | D:5      | Reached skill level 3 in Maces & Flails
  1232 | D:5      | Reached skill level 3 in Polearms
  1232 | D:5      | Reached skill level 3 in Staves
  1232 | D:5      | Reached skill level 3 in Slings
  1232 | D:5      | Reached skill level 3 in Bows
  1232 | D:5      | Reached skill level 3 in Crossbows
  1232 | D:5      | Reached skill level 3 in Throwing
  1232 | D:5      | Reached skill level 4 in Armour
  1232 | D:5      | Reached skill level 3 in Stealth
  1232 | D:5      | Reached skill level 3 in Shields
  1232 | D:5      | Reached skill level 3 in Unarmed Combat
  1232 | D:5      | Reached skill level 3 in Conjurations
  1232 | D:5      | Reached skill level 3 in Hexes
  1232 | D:5      | Reached skill level 3 in Summonings
  1232 | D:5      | Reached skill level 3 in Necromancy
  1232 | D:5      | Reached skill level 3 in Translocations
  1232 | D:5      | Reached skill level 3 in Transmutations
  1232 | D:5      | Reached skill level 3 in Fire Magic
  1232 | D:5      | Reached skill level 3 in Ice Magic
  1232 | D:5      | Reached skill level 3 in Air Magic
  1232 | D:5      | Reached skill level 3 in Earth Magic
  1232 | D:5      | Reached skill level 3 in Poison Magic
  1232 | D:5      | Reached skill level 3 in Invocations
  1232 | D:5      | Reached skill level 3 in Evocations
  1296 | D:5      | Gained mutation: Your flesh is heat resistant. (rF+) [mutagenic meat]
  1297 | D:5      | Gained mutation: You are frail. (-10% HP) [mutagenic meat]
  1298 | D:5      | Gained mutation: Your body sometimes deteriorates upon taking damage. [mutagenic meat]
  1299 | D:5      | Gained mutation: You have sharp fingernails. [mutagenic meat]
  1300 | D:5      | Gained mutation: Your flesh is very heat resistant. (rF++) [mutagenic meat]
  1346 | D:4      | Found a staircase to the Ecumenical Temple.
  1353 | Temple   | Entered the Ecumenical Temple
  1410 | Temple   | Became a worshipper of Cheibriados the Contemplative
  1508 | D:6      | Noticed tidbits's ghost (novice GnSk)
  1529 | D:6      | Reached skill level 6 in Spellcasting
  1532 | D:6      | Found a blossoming altar of Fedhas.
  1758 | D:7      | Reached * piety under Cheibriados
  1764 | D:7      | Reached skill level 6 in Fighting
  1764 | D:7      | Reached skill level 6 in Axes
  1764 | D:7      | Reached skill level 6 in Dodging
  1764 | D:7      | Reached XP level 9. HP: 30/61 MP: 13/18
  1883 | D:7      | HP: 5/61 [gnoll sergeant/spear (5)]
  1892 | D:7      | Reached skill level 4 in Short Blades
  1892 | D:7      | Reached skill level 4 in Long Blades
  1892 | D:7      | Reached skill level 4 in Maces & Flails
  1892 | D:7      | Reached skill level 4 in Polearms
  1892 | D:7      | Reached skill level 4 in Staves
  1892 | D:7      | Reached skill level 4 in Slings
  1892 | D:7      | Reached skill level 4 in Bows
  1892 | D:7      | Reached skill level 4 in Crossbows
  1892 | D:7      | Reached skill level 4 in Throwing
  1892 | D:7      | Reached skill level 4 in Stealth
  1892 | D:7      | Reached skill level 4 in Shields
  1892 | D:7      | Reached skill level 4 in Unarmed Combat
  1892 | D:7      | Reached skill level 4 in Conjurations
  1892 | D:7      | Reached skill level 4 in Hexes
  1892 | D:7      | Reached skill level 4 in Summonings
  1892 | D:7      | Reached skill level 4 in Necromancy
  1892 | D:7      | Reached skill level 4 in Translocations
  1892 | D:7      | Reached skill level 4 in Transmutations
  1892 | D:7      | Reached skill level 4 in Fire Magic
  1892 | D:7      | Reached skill level 4 in Ice Magic
  1892 | D:7      | Reached skill level 4 in Air Magic
  1892 | D:7      | Reached skill level 4 in Earth Magic
  1892 | D:7      | Reached skill level 4 in Poison Magic
  1892 | D:7      | Reached skill level 4 in Invocations
  1892 | D:7      | Reached skill level 4 in Evocations
  2015 | D:8      | Reached ** piety under Cheibriados
  2026 | D:8      | Reached skill level 5 in Armour
  2143 | D:8      | Found a staircase to the Lair.
  2258 | D:8      | Reached skill level 8 in Charms
  2269 | D:8      | Found an ornate altar of the Wu Jian Council.
  2350 | D:8      | Noticed a two-headed ogre
  2360 | D:8      | Killed a two-headed ogre
  2360 | D:8      | Reached skill level 7 in Spellcasting
  2360 | D:8      | Reached XP level 10. HP: 58/68 MP: 11/20
  2448 | D:9      | Noticed a two-headed ogre
  2459 | D:9      | Killed a two-headed ogre
  2459 | D:9      | Reached skill level 5 in Short Blades
  2459 | D:9      | Reached skill level 5 in Long Blades
  2459 | D:9      | Reached skill level 5 in Maces & Flails
  2459 | D:9      | Reached skill level 5 in Polearms
  2459 | D:9      | Reached skill level 5 in Staves
  2459 | D:9      | Reached skill level 5 in Slings
  2459 | D:9      | Reached skill level 5 in Bows
  2459 | D:9      | Reached skill level 5 in Crossbows
  2459 | D:9      | Reached skill level 5 in Throwing
  2459 | D:9      | Reached skill level 5 in Stealth
  2459 | D:9      | Reached skill level 5 in Shields
  2459 | D:9      | Reached skill level 5 in Unarmed Combat
  2459 | D:9      | Reached skill level 5 in Conjurations
  2459 | D:9      | Reached skill level 5 in Hexes
  2459 | D:9      | Reached skill level 5 in Summonings
  2459 | D:9      | Reached skill level 5 in Necromancy
  2459 | D:9      | Reached skill level 5 in Translocations
  2459 | D:9      | Reached skill level 5 in Transmutations
  2459 | D:9      | Reached skill level 5 in Fire Magic
  2459 | D:9      | Reached skill level 5 in Ice Magic
  2459 | D:9      | Reached skill level 5 in Air Magic
  2459 | D:9      | Reached skill level 5 in Earth Magic
  2459 | D:9      | Reached skill level 5 in Poison Magic
  2459 | D:9      | Reached skill level 5 in Invocations
  2459 | D:9      | Reached skill level 5 in Evocations
  2472 | D:9      | Reached *** piety under Cheibriados
  2497 | D:9      | Reached skill level 7 in Fighting
  2497 | D:9      | Reached skill level 7 in Axes
  2497 | D:9      | Reached skill level 7 in Dodging
  2565 | D:10     | Entered Level 10 of the Dungeon
  2791 | D:10     | Reached skill level 6 in Armour
  2841 | D:11     | Reached **** piety under Cheibriados
  2979 | D:11     | Found a labyrinth entrance.
  2987 | Lab      | Entered a labyrinth
  3338 | Lab      | Noticed a minotaur
  3352 | Lab      | Killed a minotaur
  3364 | Lab      | Identified the Catalogue of Floating Combat Magic
  3365 | Lab      | Got a pair of pitted gloves
  3372 | Lab      | Learned a level 5 spell: Irradiate
  3377 | Lab      | Identified the +1 pair of gloves "Nariv" {rN+ MR+ SInv} (You found it in a labyrinth)
  3398 | D:11     | Found a glowing silver altar of Zin.
  3424 | D:11     | Reached XP level 11. HP: 66/74 MP: 19/22
  3442 | D:11     | Noticed a six-headed hydra
  3452 | D:11     | Killed a six-headed hydra
  3464 | D:11     | Reached ***** piety under Cheibriados
  3469 | D:11     | Noticed a two-headed ogre
  3478 | D:11     | Killed a two-headed ogre
  3478 | D:11     | Reached skill level 6 in Short Blades
  3478 | D:11     | Reached skill level 6 in Long Blades
  3478 | D:11     | Reached skill level 6 in Maces & Flails
  3478 | D:11     | Reached skill level 6 in Polearms
  3478 | D:11     | Reached skill level 6 in Staves
  3478 | D:11     | Reached skill level 6 in Slings
  3478 | D:11     | Reached skill level 6 in Bows
  3478 | D:11     | Reached skill level 6 in Crossbows
  3478 | D:11     | Reached skill level 6 in Throwing
  3478 | D:11     | Reached skill level 6 in Stealth
  3478 | D:11     | Reached skill level 6 in Shields
  3478 | D:11     | Reached skill level 6 in Unarmed Combat
  3478 | D:11     | Reached skill level 6 in Conjurations
  3478 | D:11     | Reached skill level 6 in Hexes
  3478 | D:11     | Reached skill level 9 in Charms
  3478 | D:11     | Reached skill level 6 in Summonings
  3478 | D:11     | Reached skill level 6 in Necromancy
  3478 | D:11     | Reached skill level 6 in Translocations
  3478 | D:11     | Reached skill level 6 in Transmutations
  3478 | D:11     | Reached skill level 6 in Fire Magic
  3478 | D:11     | Reached skill level 6 in Ice Magic
  3478 | D:11     | Reached skill level 6 in Air Magic
  3478 | D:11     | Reached skill level 6 in Earth Magic
  3478 | D:11     | Reached skill level 6 in Poison Magic
  3478 | D:11     | Reached skill level 6 in Invocations
  3478 | D:11     | Reached skill level 6 in Evocations
  3492 | D:11     | Noticed a red ugly thing
  3502 | D:11     | Killed a red ugly thing
  3502 | D:11     | Reached skill level 8 in Spellcasting
  3528 | D:11     | Noticed esc's ghost (journeyman HOFi)
  3548 | D:11     | Killed esc's ghost
  3553 | D:11     | HP: 1/76 [orc warrior/quarterstaff of protection (14)]
  3631 | D:11     | Found Xiepasun's Food Shoppe.
  3860 | D:11     | Reached skill level 8 in Fighting
  3860 | D:11     | Reached skill level 8 in Axes
  3860 | D:11     | Reached skill level 7 in Armour
  3860 | D:11     | Reached skill level 8 in Dodging
  3930 | D:11     | Found a staircase to the Orcish Mines.
  3966 | Orc:1    | Entered Level 1 of the Orcish Mines
  3984 | Orc:1    | Noticed an orc sorcerer
  3991 | Orc:1    | Killed an orc sorcerer
  4009 | Orc:1    | Noticed an orc sorcerer
  4015 | Orc:1    | Killed an orc sorcerer
  4040 | Orc:1    | Noticed a deep troll
  4040 | Orc:1    | Noticed an orc knight
  4041 | Orc:1    | Noticed an orc knight
  4041 | Orc:1    | Noticed an orc high priest
  4041 | Orc:1    | Noticed an orc knight
  4043 | Orc:1    | Noticed an orc knight
  4044 | Orc:1    | Noticed an orc sorcerer
  4047 | Orc:1    | Found Zadix's Food Shoppe.
  4048 | Orc:1    | Noticed an orc knight
  4050 | Orc:1    | Noticed a sixfirhy
  4054 | Orc:1    | Killed an orc knight
  4057 | Orc:1    | Killed a deep troll
  4057 | Orc:1    | Reached XP level 12. HP: 56/83 MP: 22/24
  4066 | Orc:1    | Killed an orc high priest
  4068 | Orc:1    | Reached ****** piety under Cheibriados
  4072 | Orc:1    | Reached skill level 7 in Short Blades
  4072 | Orc:1    | Reached skill level 7 in Long Blades
  4072 | Orc:1    | Reached skill level 7 in Maces & Flails
  4072 | Orc:1    | Reached skill level 7 in Polearms
  4072 | Orc:1    | Reached skill level 7 in Staves
  4072 | Orc:1    | Reached skill level 7 in Slings
  4072 | Orc:1    | Reached skill level 7 in Bows
  4072 | Orc:1    | Reached skill level 7 in Crossbows
  4072 | Orc:1    | Reached skill level 7 in Throwing
  4072 | Orc:1    | Reached skill level 7 in Stealth
  4072 | Orc:1    | Reached skill level 7 in Shields
  4072 | Orc:1    | Reached skill level 7 in Unarmed Combat
  4072 | Orc:1    | Reached skill level 7 in Conjurations
  4072 | Orc:1    | Reached skill level 7 in Hexes
  4072 | Orc:1    | Reached skill level 7 in Summonings
  4072 | Orc:1    | Reached skill level 7 in Necromancy
  4072 | Orc:1    | Reached skill level 7 in Translocations
  4072 | Orc:1    | Reached skill level 7 in Transmutations
  4072 | Orc:1    | Reached skill level 7 in Fire Magic
  4072 | Orc:1    | Reached skill level 7 in Ice Magic
  4072 | Orc:1    | Reached skill level 7 in Air Magic
  4072 | Orc:1    | Reached skill level 7 in Earth Magic
  4072 | Orc:1    | Reached skill level 7 in Poison Magic
  4072 | Orc:1    | Reached skill level 7 in Invocations
  4072 | Orc:1    | Reached skill level 7 in Evocations
  4079 | Orc:1    | Noticed Erolcha
  4080 | Orc:1    | HP: 1/84 [orc warrior/mace (19)]
  4138 | D:11     | Learned a level 3 spell: Mephitic Cloud
  4215 | Orc:1    | Killed Erolcha
  4350 | Orc:2    | Entered Level 2 of the Orcish Mines
  4411 | Orc:2    | Found a staircase to the Elven Halls.
  4411 | Orc:2    | Noticed p0werm0de's ghost (journeyman FoCK)
  4412 | Orc:2    | Noticed an orc high priest
  4440 | Orc:2    | Killed an orc high priest
  4476 | Orc:2    | Killed p0werm0de's ghost
  4476 | Orc:2    | Reached skill level 9 in Spellcasting
  4565 | Orc:2    | Noticed a two-headed ogre
  4574 | Orc:2    | Killed a two-headed ogre
  4667 | Orc:2    | Reached skill level 8 in Armour
  4667 | Orc:2    | Reached skill level 10 in Charms
  4743 | Orc:2    | Noticed a centaur warrior
  4807 | Orc:2    | Killed a centaur warrior
  4807 | Orc:2    | Reached skill level 9 in Fighting
  4807 | Orc:2    | Reached skill level 9 in Axes
  4807 | Orc:2    | Reached skill level 9 in Dodging
  4838 | Orc:2    | Noticed a centaur warrior
  4857 | Orc:2    | Killed a centaur warrior
  4857 | Orc:2    | Reached XP level 13. HP: 90/90 MP: 26/26
  5110 | Orc:2    | Found Zuwoku's Magic Scroll Boutique.
  5110 | Orc:2    | Found Gudghoytt's Magic Scroll Emporium.
  5112 | Orc:2    | Found Wiruwar's Gadget Shoppe.
  5114 | Orc:2    | Found Ittesaoq's General Store.
  5119 | Orc:2    | Bought a scroll of fear for 49 gold pieces
  5119 | Orc:2    | Bought a scroll of immolation for 49 gold pieces
  5121 | Orc:2    | Bought a potion of agility for 56 gold pieces
  5121 | Orc:2    | Bought a potion of ambrosia for 112 gold pieces
  5121 | Orc:2    | Bought a scroll of summoning for 133 gold pieces
  5126 | Orc:2    | Bought a wand of clouds (4/9) for 336 gold pieces
  5135 | Orc:2    | Bought a scroll of teleportation for 48 gold pieces
  5135 | Orc:2    | Bought a scroll of blinking for 120 gold pieces
  5135 | Orc:2    | Bought a scroll of teleportation for 48 gold pieces
  5165 | Elf:1    | Entered Level 1 of the Elven Halls
  5219 | Elf:1    | Reached skill level 8 in Short Blades
  5219 | Elf:1    | Reached skill level 8 in Long Blades
  5219 | Elf:1    | Reached skill level 8 in Maces & Flails
  5219 | Elf:1    | Reached skill level 8 in Polearms
  5219 | Elf:1    | Reached skill level 8 in Staves
  5219 | Elf:1    | Reached skill level 8 in Slings
  5219 | Elf:1    | Reached skill level 8 in Bows
  5219 | Elf:1    | Reached skill level 8 in Crossbows
  5219 | Elf:1    | Reached skill level 8 in Throwing
  5219 | Elf:1    | Reached skill level 8 in Stealth
  5219 | Elf:1    | Reached skill level 8 in Shields
  5219 | Elf:1    | Reached skill level 8 in Unarmed Combat
  5219 | Elf:1    | Reached skill level 8 in Conjurations
  5219 | Elf:1    | Reached skill level 8 in Hexes
  5219 | Elf:1    | Reached skill level 8 in Summonings
  5219 | Elf:1    | Reached skill level 8 in Necromancy
  5219 | Elf:1    | Reached skill level 8 in Translocations
  5219 | Elf:1    | Reached skill level 8 in Transmutations
  5219 | Elf:1    | Reached skill level 8 in Fire Magic
  5219 | Elf:1    | Reached skill level 8 in Ice Magic
  5219 | Elf:1    | Reached skill level 8 in Air Magic
  5219 | Elf:1    | Reached skill level 8 in Earth Magic
  5219 | Elf:1    | Reached skill level 8 in Poison Magic
  5219 | Elf:1    | Reached skill level 8 in Invocations
  5219 | Elf:1    | Reached skill level 8 in Evocations
  5427 | Elf:2    | Found a frozen archway.
  5443 | IceCv    | Entered an ice cave
  5664 | IceCv    | HP: 7/90 [ice devil (13)]
  5664 | IceCv    | HP: 3/90 [ice devil (4)]
  5732 | IceCv    | HP: 4/91 [something (14)]
  5831 | Elf:2    | Reached skill level 9 in Armour
  5920 | Elf:1    | Reached skill level 10 in Spellcasting
  5930 | Elf:2    | Noticed a deep elf sorcerer
  5937 | Elf:2    | Reached XP level 14. HP: 20/98 MP: 15/28
  5939 | Elf:2    | Killed a deep elf sorcerer
  6095 | Elf:3    | Entered Level 3 of the Elven Halls
  6099 | Elf:3    | Reached skill level 10 in Fighting
  6099 | Elf:3    | Reached skill level 10 in Axes
  6099 | Elf:3    | Reached skill level 10 in Dodging
  6129 | Elf:3    | Reached skill level 9 in Short Blades
  6129 | Elf:3    | Reached skill level 9 in Long Blades
  6129 | Elf:3    | Reached skill level 9 in Maces & Flails
  6129 | Elf:3    | Reached skill level 9 in Polearms
  6129 | Elf:3    | Reached skill level 9 in Staves
  6129 | Elf:3    | Reached skill level 9 in Slings
  6129 | Elf:3    | Reached skill level 9 in Bows
  6129 | Elf:3    | Reached skill level 9 in Crossbows
  6129 | Elf:3    | Reached skill level 9 in Throwing
  6129 | Elf:3    | Reached skill level 9 in Stealth
  6129 | Elf:3    | Reached skill level 9 in Shields
  6129 | Elf:3    | Reached skill level 9 in Unarmed Combat
  6129 | Elf:3    | Reached skill level 9 in Conjurations
  6129 | Elf:3    | Reached skill level 9 in Hexes
  6129 | Elf:3    | Reached skill level 11 in Charms
  6129 | Elf:3    | Reached skill level 9 in Summonings
  6129 | Elf:3    | Reached skill level 9 in Necromancy
  6129 | Elf:3    | Reached skill level 9 in Translocations
  6129 | Elf:3    | Reached skill level 9 in Transmutations
  6129 | Elf:3    | Reached skill level 9 in Fire Magic
  6129 | Elf:3    | Reached skill level 9 in Ice Magic
  6129 | Elf:3    | Reached skill level 9 in Air Magic
  6129 | Elf:3    | Reached skill level 9 in Earth Magic
  6129 | Elf:3    | Reached skill level 9 in Poison Magic
  6129 | Elf:3    | Reached skill level 9 in Invocations
  6129 | Elf:3    | Reached skill level 9 in Evocations
  6497 | Elf:3    | Noticed Amnesiac's ghost (adept GnSk)
  6513 | Elf:3    | Killed Amnesiac's ghost
  6663 | Elf:3    | Noticed a deep elf demonologist
  6663 | Elf:3    | Noticed a deep elf annihilator
  6665 | Elf:3    | Noticed a deep elf blademaster
  6665 | Elf:3    | Noticed a deep elf blademaster
  6665 | Elf:3    | Noticed a deep elf annihilator
  6666 | Elf:3    | Noticed a deep elf demonologist
  6668 | Elf:3    | Noticed a deep elf annihilator
  6668 | Elf:3    | Killed a deep elf blademaster
  6669 | Elf:3    | Noticed a deep elf sorcerer
  6677 | Elf:3    | HP: 1/99 [ghostly deep elf blademaster/rapier (15)]
  6869 | Elf:3    | Noticed a deep elf demonologist
  6881 | Elf:3    | Killed a deep elf demonologist
  6896 | Elf:3    | Got a flickering garnet amulet
  6918 | Elf:3    | Killed a deep elf annihilator
  6918 | Elf:3    | Reached XP level 15. HP: 105/105 MP: 29/29
  6938 | Elf:3    | Reached skill level 10 in Armour
  6973 | Elf:3    | Identified the amulet "Rutt" {Regen+ Str+6 Int+2} (You took it off a deep elf archer on level 3 of the Elven Halls)
  6999 | Elf:3    | HP: 7/105 [deep elf blademaster/rapier (16)]
  7038 | Elf:3    | Learned a level 5 spell: Silence
  7047 | Elf:3    | Killed a ghostly deep elf blademaster
  7093 | Elf:3    | HP: 9/105 [deep elf blademaster/rapier (17)]
  7094 | Elf:3    | HP: 4/105 [deep elf blademaster/rapier (6)]
  7094 | Elf:3    | Shot with an arrow by a deep elf archer

Vault maps used:
D:1:      lightli_arrival_noodles, minmay_misc_feat_nine_boxes
D:3:      lemuel_upstairs_altar
D:4:      cheibrodos_fertilizer, minmay_temple_entry_enclosed_plants
D:5:      lemuel_doored_altar, first_bread, uniq_pikel
D:6:      cheibrodos_two_vegetables, basic_altar, kennysheep_nub, uniq_duvessa
D:8:      lemuel_crystal_altar, lair_entry_dummy, uniq_maurice
D:9:      special_room
D:10:     hangedman_ranch, grunt_decor_resistance
D:11:     erik_orc_2, serial_shops, nicolae_shop_crystal, basic_altar,
          lab_entry_generic
Temple:   regret_index_temple_chain_breaker
Orc:1:    guppyfry_orc_lava_fort, uniq_erolcha
Orc:2:    st_orc_rangers
Elf:1:    minmay_elf_sorcery
Elf:2:    portal_ice_cave_entry_pillars_2
Elf:3:    elf_hall, nrook_mini_backslash, st_stairs_3, moated_statue,
          grunt_ministairs_14
Lab:      labyrinth_spiral, lab_statue, nicolae_lab_stuck,
          labyrinth_skeletal_remains
IceCv:    ice_cave_small_demon

Skill      XL: |  1  2  3  4  5  6  7  8  9 10 11 12 13 14 15 |
---------------+----------------------------------------------+-----
Spellcasting   | 5 6 7 8 9 10 | 10.8
Short Blades   | 1 2 3 4 5 6 7 8 9 |  9.7
Long Blades    | 1 2 3 4 5 6 7 8 9 |  9.7
Maces & Flails | 1 2 3 4 5 6 7 8 9 |  9.7
Polearms       | 1 2 3 4 5 6 7 8 9 |  9.7
Staves         | 1 2 3 4 5 6 7 8 9 |  9.7
Slings         | 1 2 3 4 5 6 7 8 9 |  9.7
Bows           | 1 2 3 4 5 6 7 8 9 |  9.7
Crossbows      | 1 2 3 4 5 6 7 8 9 |  9.7
Throwing       | 1 2 3 4 5 6 7 8 9 |  9.7
Stealth        | 1 2 3 4 5 6 7 8 9 |  9.7
Shields        | 1 2 3 4 5 6 7 8 9 |  9.7
Unarmed Combat | 1 2 3 4 5 6 7 8 9 |  9.7
Conjurations   | 1 2 3 4 5 6 7 8 9 |  9.7
Hexes          | 1 2 3 4 5 6 7 8 9 |  9.7
Summonings     | 1 2 3 4 5 6 7 8 9 |  9.7
Necromancy     | 1 2 3 4 5 6 7 8 9 |  9.7
Translocations | 1 2 3 4 5 6 7 8 9 |  9.7
Transmutations | 1 2 3 4 5 6 7 8 9 |  9.7
Fire Magic     | 1 2 3 4 5 6 7 8 9 |  9.7
Ice Magic      | 1 2 3 4 5 6 7 8 9 |  9.7
Air Magic      | 1 2 3 4 5 6 7 8 9 |  9.7
Earth Magic    | 1 2 3 4 5 6 7 8 9 |  9.7
Poison Magic   | 1 2 3 4 5 6 7 8 9 |  9.7
Invocations    | 1 2 3 4 5 6 7 8 9 |  9.7
Evocations     | 1 2 3 4 5 6 7 8 9 |  9.7
Armour         | 3 4 5 6 7 8 9 10 | 10.1
Fighting       | 5 6 7 8 9 10 | 10.7
Axes           | 5 6 7 8 9 10 | 10.7
Dodging        | 5 6 7 8 9 10 | 10.7
Charms         | 7 8 9 10 11 | 11.5

Action                   |  1- 3 |  4- 6 |  7- 9 | 10-12 | 13-15 || total
-------------------------+-------+-------+-------+-------+-------++-------
Melee: Hand axe          |    30 |       |       |       |   175 ||   205
       Bite              |     6 |     9 |    20 |    91 |   105 ||   231
       War axe           |    12 |    63 |   127 |   354 |   200 ||   756
       Flail             |       |       |       |     3 |    35 ||    38
       Demon trident     |       |       |       |       |    61 ||    61
Throw: Tomahawk          |       |     1 |       |       |       ||     1
       Javelin           |       |       |       |    13 |       ||    13
 Cast: Infusion          |     7 |     2 |       |       |       ||     9
       Spectral Weapon   |     2 |     7 |    28 |    48 |    50 ||   135
       Shroud of Golubri |     1 |     1 |     3 |     7 |     5 ||    17
       Regeneration      |       |     6 |    14 |    34 |    57 ||   111
       Irradiate         |       |       |       |     8 |       ||     8
       Sticks to Snakes  |       |       |       |     4 |       ||     4
       Song of Slaying   |       |       |       |     1 |       ||     1
Invok: Bend Time         |       |       |     1 |     8 |     8 ||    17
       Slouch            |       |       |       |     1 |     8 ||     9
       Temporal Distorti |       |       |       |       |     2 ||     2
Evoke: Wand              |       |       |       |    25 |    11 ||    36
  Use: Potion            |       |     2 |     3 |     2 |     5 ||    12
       Scroll            |       |       |     8 |     7 |    12 ||    27
 Stab: Sleeping          |     3 |     1 |     3 |       |     8 ||    15
       Distracted        |       |       |     3 |     4 |     9 ||    16
       Invisible         |       |       |     5 |       |       ||     5
       Paralysed         |       |       |       |    36 |       ||    36
  Eat: Chunk             |       |     2 |    10 |     8 |     4 ||    24
       Fruit             |       |       |     2 |       |       ||     2
       Bread ration      |       |       |       |       |     1 ||     1
Armor: Leather armour    |     3 |    12 |    25 |    24 |       ||    64
       Troll leather arm |       |       |       |     5 |    51 ||    56
Dodge: Dodged            |    22 |    45 |   120 |   266 |   326 ||   779
Block: Buckler           |    10 |    20 |    34 |   107 |   148 ||   319
       Reflection        |       |       |       |       |     1 ||     1

Table legend:
 A = Spawn XP
 B = Non-spawn XP
 C = Spawn XP percentage of total XP
 D = Spawn monster count
 E = Non-spawn monster count
 F = Spawn count percentage of total count
 G = Total turns spent on level
                    A         B        C        D         E        F      G
               +---------+---------+-------+---------+---------+-------+---------
         Total |       0 |   95542 |   0.0 |       0 |     432 |   0.0 |  7094
               +---------+---------+-------+---------+---------+-------+---------
           D:1 |       0 |       7 |   0.0 |       0 |       5 |   0.0 |   133
           D:2 |       0 |       6 |   0.0 |       0 |       4 |   0.0 |   108
           D:3 |       0 |      39 |   0.0 |       0 |      10 |   0.0 |   324
           D:4 |       0 |     480 |   0.0 |       0 |      28 |   0.0 |   534
           D:5 |       0 |     995 |   0.0 |       0 |      13 |   0.0 |   331
           D:6 |       0 |     484 |   0.0 |       0 |      11 |   0.0 |   165
           D:7 |       0 |     944 |   0.0 |       0 |      23 |   0.0 |   338
           D:8 |       0 |    1962 |   0.0 |       0 |      21 |   0.0 |   410
           D:9 |       0 |    1873 |   0.0 |       0 |      25 |   0.0 |   260
          D:10 |       0 |     549 |   0.0 |       0 |      14 |   0.0 |   195
          D:11 |       0 |    7199 |   0.0 |       0 |      60 |   0.0 |   743
         Orc:1 |       0 |    8411 |   0.0 |       0 |      37 |   0.0 |   335
         Orc:2 |       0 |   11401 |   0.0 |       0 |      76 |   0.0 |   815
         Elf:1 |       0 |    7414 |   0.0 |       0 |      13 |   0.0 |   249
         Elf:2 |       0 |   11460 |   0.0 |       0 |      19 |   0.0 |   371
         Elf:3 |       0 |   35425 |   0.0 |       0 |      44 |   0.0 |   985
           Lab |       0 |    1085 |   0.0 |       0 |       1 |   0.0 |   398
         IceCv |       0 |    5808 |   0.0 |       0 |      28 |   0.0 |   324
               +---------+---------+-------+---------+---------+-------+---------

Table legend:
 A = Turns spent in this place as a percentage of turns spent in the entire game.
 B = Non-inter-level travel turns spent in this place as a percentage of non-inter-level travel turns spent in the entire game.
 C = Inter-level travel turns spent in this place as a percentage of turns spent in this place.
 D = Turns resting spent in this place as a percentage of non-inter-level travel turns spent in this place.
 E = Turns spent auto-exploring this place as a percentage of non-inter-level travel turns spent in this place.
 F = Non-inter-level travel turns spent in this place divided by the number of levels of this place that you've seen.
                   A       B       C       D       E      F
               +-------+-------+-------+-------+-------+----------------------
         Total | 100.0 | 100.0 |   4.0 |   0.3 |   0.2 | 358.5
       Dungeon |  49.9 |  48.9 |   5.8 |   0.7 |   0.0 | 303.1
        Temple |   1.1 |   0.9 |  17.1 |   0.0 |   0.0 |  63.0
  Orcish Mines |  16.2 |  16.8 |   0.7 |   0.0 |   0.0 | 571.0
   Elven Halls |  22.6 |  22.8 |   3.4 |   0.0 |   1.1 | 517.0
     Labyrinth |   5.6 |   5.8 |   0.0 |   0.0 |   0.0 | 398.0
      Ice Cave |   4.6 |   4.8 |   0.0 |   0.0 |   0.0 | 324.0
               +-------+-------+-------+-------+-------+----------------------

Table legend:
 A = Kills in this place as a percentage of kills in entire the game.
 B = Kills by you in this place as a percentage of kills by you in the entire game.
 C = Kills by friends in this place as a percentage of kills by friends in the entire game.
 D = Other kills in this place as a percentage of other kills in the entire game.
 E = Experience gained in this place as a percentage of experience gained in the entire game.
 F = Experience gained in this place divided by the number of levels of this place that you have seen.
                   A       B       C       D       E      F
               +-------+-------+-------+-------+-------+----------------------
         Total | 100.0 | 100.0 | 100.0 |   N/A | 100.0 | 5028.5
       Dungeon |  49.5 |  49.7 |   0.0 |   N/A |  15.2 | 1321.6
  Orcish Mines |  26.2 |  26.0 | 100.0 |   N/A |  20.7 | 9906.0
   Elven Halls |  17.6 |  17.6 |   0.0 |   N/A |  56.8 | 18099.7
     Labyrinth |   0.2 |   0.2 |   0.0 |   N/A |   1.1 | 1085.0
      Ice Cave |   6.5 |   6.5 |   0.0 |   N/A |   6.1 | 5808.0
               +-------+-------+-------+-------+-------+----------------------

Vault maps used:
D:1:      lightli_arrival_noodles, minmay_misc_feat_nine_boxes
D:3:      lemuel_upstairs_altar
D:4:      cheibrodos_fertilizer, minmay_temple_entry_enclosed_plants
D:5:      lemuel_doored_altar, first_bread, uniq_pikel
D:6:      cheibrodos_two_vegetables, basic_altar, kennysheep_nub, uniq_duvessa
D:8:      lemuel_crystal_altar, lair_entry_dummy, uniq_maurice
D:9:      special_room
D:10:     hangedman_ranch, grunt_decor_resistance
D:11:     erik_orc_2, serial_shops, nicolae_shop_crystal, basic_altar,
          lab_entry_generic
Temple:   regret_index_temple_chain_breaker
Orc:1:    guppyfry_orc_lava_fort, uniq_erolcha
Orc:2:    st_orc_rangers
Elf:1:    minmay_elf_sorcery
Elf:2:    portal_ice_cave_entry_pillars_2
Elf:3:    elf_hall, nrook_mini_backslash, st_stairs_3, moated_statue,
          grunt_ministairs_14
Lab:      labyrinth_spiral, lab_statue, nicolae_lab_stuck,
          labyrinth_skeletal_remains
IceCv:    ice_cave_small_demon
